 Dungeon Sprint DCSS version 0.19-a0-1834-g6b7851e (webtiles) character file.

2430 poirepourri the Cleaver (level 9, 0/86 HPs)
             Began as a Formicid Fighter on Oct 9, 2016.
             Was an Initiate of the Shining One (penitent).
             Slain by Sonja
             ... wielding a +0 short sword of draining
              (3 damage)
             ... in the Dungeon (Sprint I: "Red Sonja").
             The game lasted 00:03:08 (1621 turns).

poirepourri the Cleaver (Formicid Fighter)          Turns: 1621, Time: 00:03:09

Health: 0/86       AC:  6    Str: 23    XL:     9   Next: 77%
Magic:  9/9        EV:  6    Int:  8    God:    the Shining One [*]
Gold:   488        SH:  7    Dex: 11    Spells: 0 memorised, 8 levels left

rFire  . . .     SeeInvis +     a - +0 war axe
rCold  . . .     Gourm    .     b - +0 scale mail
rNeg   . . .     Faith    .     c - +0 shield
rPois  .         Spirit   .     (helmet unavailable)
rElec  .         Dismiss  .     (no cloak)
rCorr  .         Reflect  .     (no gloves)
MR     .....     Harm     .     (no boots)
Stlth  ..........               (no amulet)
                                (no ring)
                                (no ring)

@: lethally poisoned (0 -> -5), very heavily drained
A: permanent stasis, dig shafts and tunnels, four strong arms, antennae 3
a: Dig, Renounce Religion


You were in the Dungeon.
You worshipped the Shining One.
The Shining One was demanding penance.
You were not hungry.

You visited 1 branch You collected 488 gold pieces.

Inventory:

Hand Weapons
 a - a +0 war axe (weapon)
Armour
 b - a +0 scale mail (worn)
 c - a +0 shield (worn)
Wands
 d - a wand of paralysis (5/24)
Scrolls
 k - a scroll of blinking
Potions
 h - 2 potions of haste
 i - 2 potions of magic
 j - a potion of berserk rage
Comestibles
 f - a slice of pizza


   Skills:
 + Level 13.9(5.4) Fighting
 + Level 14.7(6.0) Axes
 - Level 3.2(0.0) Armour
 + Level 6.5(0.0) Dodging
 - Level 3.6(0.0) Shields
 + Level 0.7(0.0) Evocations


You had 8 spell levels left.
You didn't know any spells.

Dungeon Overview and Level Annotations

Branches:
Dungeon (1/1)

Altars:
Cheibriados
Dithmenos
Elyvilon
Fedhas
Gozag
Hepliaklqana
Kikubaaqudgha
Makhleb
Nemelex Xobeh
Okawaru
Qazlal
Ru
Sif Muna
Trog
Uskayaw
Vehumet
Xom
Yredelemnul
Zin
The Shining One
Jiyva
Lugonu

Shops:
D !

Annotations:
D Sonja


Innate Abilities, Weirdness & Mutations

You are under a permanent stasis effect.
You can dig through walls and to a lower floor.
Your four strong arms can wield two-handed weapons with a shield.
You have a pair of large antennae on your head. (SInv)


Message History

Sonja hits you with an uncursed short sword of draining.
* * * LOW HITPOINT WARNING * * *
You feel drained. You block Sonja's attack. Sonja closely misses you.
Sonja hits you but does no damage.
You feel drained. Sonja barely misses you. Sonja hits you but does no damage.
You feel drained.
You closely miss Sonja.
Sonja is moderately wounded.
* * * LOW HITPOINT WARNING * * *
You feel sick. Sonja hits you but does no damage.
You feel drained. Sonja hits you but does no damage.
You feel drained.
Sonja hits you with an uncursed short sword of draining.
* * * LOW HITPOINT WARNING * * *
You feel drained.
* * * LOW HITPOINT WARNING * * *
You completely miss Sonja.
Sonja is moderately wounded.
* * * LOW HITPOINT WARNING * * *
You feel sick.
Sonja hits you with an uncursed short sword of draining.
You die...

#..'..#..'..#..'..'..#
{
#..#####'#####'#__####{
{
#..####..#...#.####.§#
{
#..#__####..##)#§§§§§#
#..#_____##'#..§§§§§§+
{
#⌠⌠._.∩...'..._#≈§§§§#
##.#_..__##_.#'##§####
#..#_____###K#)#.(..# {
############@####'###


+$($+ $.$ #$.$###### { ##.## { { { #+# {{ { { { { { {{{ {{{ You could see Sonja.

Vanquished Creatures
  2 centaur warriors (D)
  A deep troll (D)
  A slime creature (D)
  Sigmund (D)
  A yak (D)
  An ogre (D)
  A jelly (D)
  Ijyb (D)
9 creatures vanquished.

Notes
Turn   | Place    | Note
-------+----------+-------------------------------------------
     0 | D        | poirepourri the Formicid Fighter began the quest for the Orb.
     0 | D        | Reached XP level 1. HP: 18/18 MP: 1/1
     2 | D        | Noticed Ijyb
    19 | D        | Killed Ijyb
    19 | D        | Reached skill level 5 in Fighting
    19 | D        | Reached skill level 3 in Axes
    19 | D        | Reached skill level 1 in Dodging
    19 | D        | Reached XP level 2. HP: 17/28 MP: 2/2
    19 | D        | Reached XP level 3. HP: 21/34 MP: 3/3
    24 | D        | Noticed an ogre
    28 | D        | Killed an ogre
    28 | D        | Reached skill level 5 in Axes
    28 | D        | Reached XP level 4. HP: 16/44 MP: 4/4
    28 | D        | Reached XP level 5. HP: 18/49 MP: 5/5
   321 | D        | Noticed Sigmund
   331 | D        | Killed Sigmund
   331 | D        | Reached skill level 10 in Fighting
   331 | D        | Reached skill level 8 in Axes
   331 | D        | Reached XP level 6. HP: 47/60 MP: 6/6
   496 | D        | Found a deep blue altar of Sif Muna.
   498 | D        | Found a radiant altar of Vehumet.
   547 | D        | Found an ancient bone altar of Kikubaaqudgha.
   547 | D        | Found Jemuraoth's Distillery.
   547 | D        | Found a basalt altar of Yredelemnul.
   547 | D        | Found a glowing golden altar of the Shining One.
   547 | D        | Found an iron altar of Okawaru.
   547 | D        | Found a bloodstained altar of Trog.
   547 | D        | Found a hide-covered altar of Uskayaw.
   547 | D        | Found a blossoming altar of Fedhas.
   547 | D        | Found a hazy altar of Hepliaklqana.
   547 | D        | Found a stormy altar of Qazlal.
   547 | D        | Found a shadowy altar of Dithmenos.
   547 | D        | Found a white marble altar of Elyvilon.
   547 | D        | Found a sacrificial altar of Ru.
   547 | D        | Found a glowing silver altar of Zin.
   547 | D        | Found a snail-covered altar of Cheibriados.
   547 | D        | Found an opulent altar of Gozag.
   547 | D        | Found a sparkling altar of Nemelex Xobeh.
   547 | D        | Noticed a yak
   553 | D        | Killed a yak
   553 | D        | Reached skill level 9 in Axes
   553 | D        | Reached XP level 7. HP: 55/68 MP: 7/7
   704 | D        | Became a worshipper of the Shining One
   738 | D        | Found a burning altar of Makhleb.
   738 | D        | Found a viscous altar of Jiyva.
   738 | D        | Found a shimmering altar of Xom.
   738 | D        | Found a corrupted altar of Lugonu.
   738 | D        | Noticed a slime creature
   747 | D        | Killed a slime creature
   747 | D        | Reached skill level 10 in Axes
   981 | D        | Noticed a centaur warrior
   984 | D        | Noticed a centaur warrior
   999 | D        | Killed a centaur warrior
   999 | D        | Reached skill level 12 in Axes
   999 | D        | Reached skill level 5 in Dodging
   999 | D        | Reached XP level 8. HP: 41/78 MP: 8/8
  1005 | D        | Killed a centaur warrior
  1005 | D        | Reached skill level 13 in Axes
  1005 | D        | Reached XP level 9. HP: 36/85 MP: 9/9
  1241 | D        | Noticed a deep troll
  1241 | D        | Reached * piety under the Shining One
  1249 | D        | The Shining One protects you from harm!
  1264 | D        | Was placed under penance by the Shining One
  1268 | D        | Killed a deep troll
  1268 | D        | Reached skill level 14 in Axes
  1605 | D        | Noticed Sonja
  1620 | D        | HP: 4/86 [Sonja/uncursed short sword of draining (2)]
  1621 | D        | Slain by Sonja

Vault maps used:
D:        dungeon_sprint_1

Skill      XL: |  1  2  3  4  5  6  7  8  9 |
---------------+----------------------------+-----
Fighting       | 5 8 10 11 12 13 | 13.9
Axes           | 3 5 8 9 12 13 14 | 14.7
Dodging        | 1 2 3 4 5 6 |  6.5
Armour         | |  3.2
Shields        | |  3.6
Evocations     | |  0.7

Action                   |  1- 3 |  4- 6 |  7- 9 || total
-------------------------+-------+-------+-------++-------
Melee: War axe           |    18 |    14 |    46 ||    78
 Abil: Dig               |       |     3 |       ||     3
Evoke: Wand              |       |       |     2 ||     2
  Use: Potion            |     2 |       |     1 ||     3
 Stab: Paralysed         |       |       |     5 ||     5
  Eat: Bread ration      |       |       |     1 ||     1
Armor: Scale mail        |     8 |     3 |    15 ||    26
Dodge: Dodged            |    14 |     4 |    21 ||    39
Block: Shield            |    10 |     3 |    28 ||    41
